 Dungeon Crawl Stone Soup version 0.19-b1-5-gdc9fa9d (webtiles) character file.

162 Kullungy the Shield-Bearer (level 5, 0/46 HPs)
             Began as a Minotaur Fighter on Oct 31, 2016.
             Slain by Grinder (3 damage)
             ... while paralysed by Grinder
             ... on level 3 of the Dungeon.
             The game lasted 00:14:23 (2019 turns).

Kullungy the Shield-Bearer (Minotaur Fighter)       Turns: 2019, Time: 00:14:23

Health: 0/46       AC:  9    Str: 21    XL:     5   Next: 19%
Magic:  4/4        EV:  2    Int:  5    God:
Gold:   147        SH:  0    Dex: 10    Spells: 0 memorised, 4 levels left

rFire  . . .     SeeInvis .     h - +5 dagger
rCold  . . .     Gourm    .     b - +0 scale mail
rNeg   . . .     Faith    .     c - +0 shield
rPois  +         Spirit   .     (helmet restricted)
rElec  .         Reflect  .     C - +1 cloak
rCorr  .         Harm     .     (no gloves)
MR     .....                    (no boots)
Stlth  ..........               (no amulet)
                                A - ring of wizardry
                                u - ring of poison resistance

@: paralysed
A: retaliatory headbutt, horns 2
a: no special abilities


You were on level 3 of the Dungeon.
You were not hungry.

You visited 1 branch of the dungeon, and saw 3 of its levels.

You collected 147 gold pieces.

Inventory:

Hand Weapons
 a - a +0 war axe
 h - a +5 dagger (weapon)
 i - a +0 club
 j - a +0 club
 k - a +0 short sword
 n - a +0 club
 o - a +0 dagger
 p - a +0 hand axe
 s - a +0 spear
 w - a +0 short sword
 y - a cursed +0 dagger
 D - a cursed -2 flail
 E - a +0 mace
Missiles
 e - 106 stones (quivered)
 q - 62 arrows
 I - 8 tomahawks
Armour
 b - a +0 scale mail (worn)
 c - a +0 shield (worn)
 l - a -1 pair of gloves
 r - a +0 ring mail
 x - a cursed +0 scale mail
 C - a +1 cloak (worn)
 F - a +0 leather armour
 H - a +0 chain mail
Jewellery
 u - a ring of poison resistance (left hand)
 A - a ring of wizardry (right hand)
Scrolls
 t - a scroll of amnesia
Potions
 d - 2 potions of might
 f - a potion of mutation {unknown}
 v - a potion of heal wounds {unknown}
 G - a potion of curing {unknown}
Comestibles
 g - a beef jerky
 m - a meat ration
 z - 5 chunks of flesh
 B - 2 bread rations


   Skills:
 + Level 4.2 Fighting
 * Level 0.7 Short Blades
 - Level 3.7 Axes
 + Level 4.6 Armour
 + Level 1.0 Dodging
 + Level 5.0 Shields


You had 4 spell levels left.
You didn't know any spells.

Dungeon Overview and Level Annotations

Branches:
Dungeon (3/15)

Altars:
Gozag
Sif Muna

Annotations:
D:3 Grinder


Innate Abilities, Weirdness & Mutations

You reflexively headbutt those who attack you in melee.
You have a pair of horns on your head.


Message History

You hit Grinder.
Grinder is almost dead.
Grinder gestures at you. Pain shoots through your body!
You hit Grinder but do no damage.
Grinder is almost dead.
Grinder gestures at you.
You suddenly lose the ability to move!
Grinder gestures at you. Pain shoots through your body! Grinder hits you.
You writhe in agony.
Grinder hits you!
* * * LOW HITPOINT WARNING * * *
You writhe in agony.
* * * LOW HITPOINT WARNING * * *
Grinder hits you.
* * * LOW HITPOINT WARNING * * *
Grinder hits you but does no damage. Grinder hits you.
You die...

#.....# #.
###.#.## .
#..#..#######.##
.
##.###...........
#..# ####.######.
#.## #..# ...
#.## ...## ####.#
#.## #@.!.# #.
......5.#### .
.........
..........
..........#
..........#
...........
(...........


You could see Grinder.

Vanquished Creatures
  Terence (D:2)
  Ijyb (D:2)
  A gnoll (D:1)
  5 adders
  3 dart slugs
  A leopard gecko (D:2)
  2 orcs (D:3)
  A ball python (D:3)
  11 bats
  A giant cockroach (D:1)
  4 hobgoblins
  4 jackals (D:2)
  A quokka (D:3)
  3 frilled lizards
  7 goblins
  4 kobolds (D:1)
  3 rats
53 creatures vanquished.

Notes
Turn   | Place    | Note
-------+----------+-------------------------------------------
     0 | D:1      | Kullungy the Minotaur Fighter began the quest for the Orb.
     0 | D:1      | Reached XP level 1. HP: 19/19 MP: 0/0
   230 | D:1      | Reached XP level 2. HP: 24/27 MP: 1/1
   378 | D:1      | Reached skill level 4 in Shields
   525 | D:1      | Reached XP level 3. HP: 33/33 MP: 2/2
   927 | D:2      | Noticed Ijyb
   934 | D:2      | Killed Ijyb
   972 | D:2      | Noticed Terence
   983 | D:2      | Killed Terence
   983 | D:2      | Reached XP level 4. HP: 26/40 MP: 3/3
  1133 | D:2      | Found a deep blue altar of Sif Muna.
  1477 | D:2      | Found an opulent altar of Gozag.
  1839 | D:3      | Reached XP level 5. HP: 46/46 MP: 4/4
  1888 | D:3      | Reached skill level 1 in Dodging
  1955 | D:3      | Reached skill level 5 in Shields
  1996 | D:3      | Noticed Grinder
  1996 | D:3      | Paralysed by Grinder for 7 turns
  2013 | D:3      | Paralysed by Grinder for 7 turns
  2019 | D:3      | Slain by Grinder

Skill      XL: |  1  2  3  4  5 |
---------------+----------------+-----
Fighting       | 4 |  4.2
Shields        | 4 5 |  5.0
Armour         | 4 |  4.6
Axes           | 3 |  3.7
Dodging        | 1 |  1.0
Short Blades   | |  0.7

Action                   |  1- 3 |  4- 6 || total
-------------------------+-------+-------++-------
Melee: War axe           |    81 |     8 ||    89
       Headbutt          |    11 |     7 ||    18
       Dagger            |       |    49 ||    49
  Use: Scroll            |       |     5 ||     5
  Eat: Bread ration      |       |     1 ||     1
Armor: Scale mail        |    55 |    39 ||    94
Dodge: Dodged            |    39 |    26 ||    65
Block: Shield            |    59 |    36 ||    95
